AoeStats
← Chlupinek

Nomad

505078853Analyzed
4v4 RM · 24d ago on Sep 7, 2026· 28m 5s· 8 players
Game mode
Random Map
Map size
231×231
Population
200
Speed
Normal
Resources
Standard
Victory
Conquest
Starting age
Dark Age
Ending age
Imperial Age
RankedLock teamsTeams togetherTeam positionsShared explorationLock speedFull tech treeHidden civsTurbo modeCheats
Victory
Defeat
🇫🇮 Byzantines · Finland
1667
+16
🇫🇮 Dravidians · Finland
1590
+19
🇫🇮 Persians · Finland
1558
+20
🇫🇮 Turks · Finland
1464
+23
🇺🇸 Magyars · United States
1717
-22
🇭🇰 Japanese · Hong Kong SAR China
1671
-20
🇨🇿 Spanish · Czechia
1617
-18
🇻🇳 Mongols · Vietnam
1605
-18
嗚
4:23 Loom
14:16 Feudal Age
15:21 Gold Mining
15:19 Double-Bit Axe
18:44 Castle Age
16:52 Stone Mining
18:35 Scale Barding Armor
22:11 Bow Saw
22:14 Horse Collar
22:58 Corvinian Army
25:52 Wheelbarrow
27:17 Chain Barding Armor
Viet Nam Strategy
4:54 Loom
13:31 Feudal Age
15:42 Double-Bit Axe
17:38 Fletching
Chlupinek
5:38 Loom
15:43 Feudal Age
16:26 Double-Bit Axe
19:30 Fishing Lines
22:02 Castle Age
23:18 Fletching
Morris=w=
5:20 Loom
12:31 Feudal Age
13:00 Man-at-Arms
15:39 Arson
20:22 Double-Bit Axe
25:19 Castle Age
23:28 Scale Mail Armor
Shyles
4:39 Loom
13:05 Feudal Age
14:15 Double-Bit Axe
14:22 Fishing Lines
21:00 Castle Age
19:15 Fletching
21:54 Bodkin Arrow
22:06 Padded Archer Armor
22:05 Gold Mining
23:35 Medium Warships
23:15 Gillnets
24:19 Forging
24:47 Leather Archer Armor
28:21 Ballistics
30Markus
8:52 Loom
14:02 Feudal Age
18:56 Double-Bit Axe
23:33 Castle Age
21:26 Fletching
24:45 Scale Barding Armor
24:51 Forging
25:12 Medium Warships
25:03 Bodkin Arrow
28:03 Fishing Lines
Pahvi0
7:45 Loom
25:14 Feudal Age
28:55 Castle Age
27:03 Stone Mining
28:02 Gold Mining
27:53 Horse Collar
28:01 Double-Bit Axe
Valtsyuk
8:37 Loom
12:54 Feudal Age
16:45 Castle Age
23:58 Gold Mining
Connection lost

Rejoining the realm…

Still unreachable

The connection could not be restored.

Session expired

The server has moved on; the page needs a fresh start.